 Dungeon Crawl Stone Soup version 0.31-a0-960-g0fca184906 (webtiles) character file.

Game seed: 10185312406240599450

56 BinkBink the Shield-Bearer (level 3, -3/24 HPs)
             Began as a Gargoyle Fighter on Oct 23, 2023.
             Slain by a gnoll
             ... wielding a +0 vampiric spear
              (7 damage)
             ... on level 2 of the Dungeon.
             The game lasted 00:02:19 (1307 turns).

BinkBink the Shield-Bearer (Gargoyle Fighter)       Turns: 1307, Time: 00:02:19

Health: -3/24      AC: 14    Str: 21    XL:     3   Next: 97%
Magic:  3/3        EV:  5    Int:  8    God:
Gold:   84         SH:  4    Dex:  9    Spells: 2/2 levels left

rFire   + . .        a - +0 flail
rCold   + . .        c - +0 buckler
rNeg    + . .        l - +0 plate armour
rPois   ∞            (no helmet)
rElec   +            (no cloak)
rCorr   +            (no gloves)
SInv    .            (no boots)
Will    .....        (no amulet) Stlth
                     (no ring)
HPRegen 0.24/turn    (no ring)
MPRegen 0.08/turn

%: no passive effects
@: mighty, resistant
A: sickness immunity, AC +3, negative energy resistance 1, electricity
resistance, torment resistance 1, petrification resistance
a: no special abilities


You were on level 2 of the Dungeon.
You visited 1 branch of the dungeon, and saw 2 of its levels.

You collected 84 gold pieces.

Inventory:

Hand Weapons
 a - a +0 flail (weapon)
Armour
 c - a +0 buckler (worn)
 l - a +0 plate armour (worn)
Jewellery
 b - an amulet of the acrobat
Scrolls
 g - 3 scrolls of noise {unknown}
 h - a scroll of identify {unknown}
 i - a scroll of teleportation {unknown}
 k - a scroll of amnesia {unknown}
Potions
 j - a potion of curing {unknown}


   Skills:
 + Level 3.8 Fighting
 + Level 2.6 Maces & Flails
 + Level 3.8 Armour
 + Level 3.9 Shields


You had 2 spell levels left.
You didn't know any spells.
Your spell library was empty.

Dungeon Overview and Level Annotations

Branches:
Dungeon (2/15)

Altars:

Shops:
D:1 (=?(!


Innate Abilities, Weirdness & Mutations

You are immune to sickness and miasma.
Your stone body is resilient. (AC +3)
You are immune to poison.
You resist negative energy. (rN+)
You are resistant to electric shocks. (rElec)
You are resistant to unholy torment.
You are immune to petrification.


Message History

The gnoll is moderately wounded.
You block the gnoll's attack.
The gnoll hits you from afar with a +0 vampiric spear.
You hit the gnoll.
The gnoll is severely wounded.
The gnoll hits you with a +2 spear of freezing.
The gnoll freezes you. The gnoll hits you but does no damage.
You hit the gnoll but do no damage.
The gnoll is severely wounded.
You block the gnoll's attack.
The gnoll hits you but does no damage. x3
You barely miss the gnoll.
The gnoll is severely wounded.
The gnoll hits you with a +2 spear of freezing.
The gnoll freezes you. The gnoll closely misses you.
You hit the gnoll but do no damage.
The gnoll is severely wounded.
You block the gnoll's attack. The gnoll barely misses you.
You barely miss the gnoll.
The gnoll is severely wounded.
You block the gnoll's attack.
The gnoll hits you from afar with a +0 vampiric spear.
The gnoll hits you but does no damage. The gnoll barely misses you.
You hit the gnoll but do no damage.
The gnoll is severely wounded.
The gnoll hits you with a +2 spear of freezing.
* * * LOW HITPOINT WARNING * * *
The gnoll freezes you.
* * * LOW HITPOINT WARNING * * *
The gnoll barely misses you.
You feel very mighty all of a sudden. You block the gnoll's attack.
The gnoll hits you but does no damage.
You closely miss the gnoll.
The gnoll is severely wounded.
You block the gnoll's attack. The gnoll hits you but does no damage.
It was a potion of resistance.
You feel protected.
The gnoll hits you with a +2 spear of freezing.
* * * LOW HITPOINT WARNING * * *
The gnoll hits you from afar with a +0 vampiric spear!
You die...

##
##.........†..###.....###.....
#####.##....## ##._.## ##.###
#.##..)#.###.....###.....
#.#.......#...#...#....#. ###
#.#.##.#.....###.........
....#......#.#..## ##..#.....
.....##.#..####..###..###....
......#.#.##g###..#....#.....
#..[...gg.@................
#...###.###.........####.##
### #.# ##.######## #.# #.#
### #.# #.# #.# #.# #.# #.#
#.# #.. #.# ..#


You could see 3 gnolls.

Vanquished Creatures
  2 adders (D:2)
  A worm (D:2)
  6 ball pythons
  4 endoplasms
  A giant cockroach (D:1)
  2 goblins (D:1)
  3 hobgoblins (D:1)
  3 jackals (D:1)
  A kobold (D:1)
  A quokka (D:1)
  3 bats
  6 rats (D:1)
33 creatures vanquished.

Notes
Turn   | Place    | Note
-------+----------+-------------------------------------------
     0 | D:1      | BinkBink the Gargoyle Fighter began the quest for the Orb.
     0 | D:1      | Reached XP level 1. HP: 14/14 MP: 1/1
    99 | D:1      | Reached XP level 2. HP: 13/19 MP: 2/2
   122 | D:1      | Found Zoiptaru's Distillery.
   196 | D:1      | Found Zukukuc's Magic Scroll Boutique.
   286 | D:1      | Found Celep's Weapon Shop.
   584 | D:1      | Reached XP level 3. HP: 23/23 MP: 3/3
   799 | D:1      | Found Rumuk's Jewellery Emporium.
   815 | D:1      | Found Caniph's Antique Weapon Boutique.
  1231 | D:2      | Found a faded altar of an unknown god.
  1307 | D:2      | Slain by a gnoll

Illustrated notes

Levels and vault maps discovered:
D:1:      sevenhm_arrival_forest_fort_large_2, layout_basic, serial_shops,
          nicolae_shop_gaudy_bauble, nicolae_shop_scrapyard, shop_scrolls, shop,
          nicolae_shop_tiny_real_fake_doors, chequers_serial_rivers_micro_a
D:2:      layout_loops_cross, nicolae_ecumenical_snake_handling

Action                     || total
---------------------------++-------
  Melee: Flail             ||   141
    Use: Potion            ||     2
 Armour: Scale mail        ||    68
         Plate armour      ||    38
  Dodge: Dodged            ||    78
  Block: Buckler           ||    39

Table legend: (Time is in decaauts)
 A = Elapsed time spent in this place.
 B = Non-inter-level travel time spent in this place.
 C = Inter-level travel time spent in this place.
 D = Time resting spent in this place.
 E = Time spent auto-exploring this place.
 F = Levels seen in this place.
 G = Mean time per level.
                   A        B        C        D        E       F      G
               +--------+--------+--------+--------+--------+-----+--------+
         Total |   1352 |   1324 |     28 |      0 |   1024 |   2 |  676.0 |
       Dungeon |   1352 |   1324 |     28 |      0 |   1024 |   2 |  676.0 |
               +--------+--------+--------+--------+--------+-----+--------+

Top non-repeatable levels by time:
     D:1: 1090 daAuts
     D:2: 261 daAuts
